 Dungeon Crawl Stone Soup version 0.31-a0-557-g6e16503903 (webtiles) character file.

Game seed: 10372692362640573412

33 javelincjr the Conjurer (level 3, 0/21 HPs)
             Began as an Octopode Conjurer on Aug 16, 2023.
             Slain by Terence
             ... wielding a +0 flail
              (9 damage)
             ... on level 2 of the Dungeon.
             The game lasted 00:02:39 (1305 turns).

javelincjr the Conjurer (Octopode Conjurer)         Turns: 1305, Time: 00:02:39

Health: 0/21       AC:  1    Str:  6    XL:     3   Next: 29%
Magic:  1/6        EV: 13    Int: 22    God:
Gold:   43         SH:  0    Dex: 10    Spells: 5/6 levels left

rFire   + . .        (no weapon)
rCold   . . .        (no shield)
rNeg    . . .        (helmet restricted)
rPois   .            (no amulet)
rElec   .            b - ring of protection from fire
rCorr   .            (no ring)
SInv    .            (no ring)
Will    .....        (no ring)
Stlth   +++          (no ring)
HPRegen 0.23/turn    (no ring)
MPRegen 0.10/turn    (no ring)
                     (no ring)

%: no passive effects
@: no status effects
A: almost no armour, amphibious, 8 rings, camouflage 1, gelatinous body 1,
(nimble swimmer 1), tentacles
a: no special abilities


You were on level 2 of the Dungeon.
You visited 1 branch of the dungeon, and saw 2 of its levels.

You collected 43 gold pieces.

Inventory:

Jewellery
 b - a ring of protection from fire (left tentacle)
Scrolls
 c - a scroll of fear {unknown}
 f - a scroll of blinking {unknown}
 h - 2 scrolls of identify {unknown}
 i - a scroll of brand weapon {unknown}
Potions
 a - a potion of magic
 d - a potion of heal wounds {unknown}
 e - a potion of curing {unknown}
 g - a potion of mutation {unknown}


   Skills:
 + Level 2.4 Dodging
 + Level 3.4 Stealth
 + Level 2.4 Spellcasting
 + Level 4.2 Conjurations


You had 5 spell levels left.
You knew the following spells:

 Your Spells              Type           Power      Damage    Failure   Level
a - Magic Dart            Conj           84%        1d7       2%          1

Your spell library contained the following spells:

 Spells                   Type           Power      Damage    Failure   Level
 Searing Ray              Conj           42%        2d6       3%          2
 Dazzling Flash           Conj/Hex       24%        N/A       17%         3
 Fulminant Prism          Conj/Hex       6%         3d7       50%         4
 Iskenderun's Mystic Bla  Conj/Tloc      12%        2d5       50%         4


Dungeon Overview and Level Annotations

Branches:
Dungeon (2/15)

Altars:

Annotations:
D:2 Terence


Innate Abilities, Weirdness & Mutations

You cannot wear most types of armour.
You are amphibious.
You can wear up to eight rings at the same time.
Your skin changes colour to match your surroundings (Stealth+).
Your rubbery body absorbs attacks. (AC +1, EV +1)
((You are camouflaged when in or above water. (Stealth+)))
You have tentacles for arms and can constrict up to eight enemies at once.


Message History

A frilled lizard comes into view.
Found a scroll labelled MUUSENENNA.
The magic dart hits the frilled lizard.
You kill the frilled lizard!
You can't see any susceptible monsters within range! (Use Z to cast anyway.)
You can't see any susceptible monsters within range! (Use Z to cast anyway.)
h - 2 scrolls labelled MUUSENENNA (gained 1)
i - a scroll labelled FAHIKHL CYUD Terence the Incautious comes into view.
He is wielding a +0 flail.
The magic dart hits Terence but does no damage.
You miscast Magic Dart.
You are very lightly contaminated with residual magic.
Nothing appears to happen.
The magic dart hits Terence.
Terence is lightly wounded.
The magic dart hits Terence.
Terence is moderately wounded.
The magic dart hits Terence.
Terence is moderately wounded.
The magic dart hits Terence.
Terence is heavily wounded.
You tentacle-slap Terence. You grab Terence.
Terence is severely wounded.
You constrict Terence. Terence hits you with a +0 flail!
You tentacle-slap Terence but do no damage.
You squeeze Terence.
Terence is severely wounded.
You constrict Terence, but do no damage.
Terence hits you with a +0 flail.
Your magical contamination has completely faded away.
You are too injured to fight recklessly!
You tentacle-slap Terence but do no damage.
Terence is severely wounded.
You constrict Terence, but do no damage.
Terence misses you.
You tentacle-slap Terence but do no damage.
Terence is severely wounded.
You constrict Terence, but do no damage.
Terence hits you with a +0 flail!
You die...

# #..# #..# #..# #..#
#..# #..# #.@#
#.@####### ####
#......... ..#
##.####### #.#
#########.# ##.####
..........# #......
########..# #..####
#..##########..#
#######..............##
.........########.....#


You could see Terence.

Vanquished Creatures
  An adder (D:2)
  2 dart slugs
  An endoplasm (D:1)
  A goblin (D:1)
  4 hobgoblins
  6 kobolds
  A ball python (D:1)
  A bat (D:1)
  2 frilled lizards
  A rat (D:1)
20 creatures vanquished.

Notes
Turn   | Place    | Note
-------+----------+-------------------------------------------
     0 | D:1      | javelincjr the Octopode Conjurer began the quest for the
                  | Orb.
     0 | D:1      | Reached XP level 1. HP: 11/11 MP: 3/3
   265 | D:1      | Reached XP level 2. HP: 17/17 MP: 0/5
  1029 | D:2      | Reached XP level 3. HP: 18/21 MP: 0/6
  1295 | D:2      | Noticed Terence
  1305 | D:2      | Slain by Terence

Illustrated notes

Levels and vault maps discovered:
D:1:      dpeg_arrival_stone_temple_mockup, layout_basic,
          chequers_serial_rivers_room_a
D:2:      layout_loops_ring, minmay_quantized, uniq_natasha, uniq_terence

Skill      XL: |  1 |
---------------+----+-----
Stealth        | 3 |  3.4
Dodging        | |  2.4
Spellcasting   | |  2.4
Conjurations   | |  4.2

Action                     || total
---------------------------++-------
  Melee: Unarmed           ||     8
         Constrict         ||     2
         Tentacles         ||     1
   Cast: Magic Dart        ||    42
  Dodge: Dodged            ||    10

Table legend: (Time is in decaauts)
 A = Elapsed time spent in this place.
 B = Non-inter-level travel time spent in this place.
 C = Inter-level travel time spent in this place.
 D = Time resting spent in this place.
 E = Time spent auto-exploring this place.
 F = Levels seen in this place.
 G = Mean time per level.
                   A        B        C        D        E       F      G
               +--------+--------+--------+--------+--------+-----+--------+
         Total |   1304 |   1268 |     36 |      0 |   1131 |   2 |  652.0 |
       Dungeon |   1304 |   1268 |     36 |      0 |   1131 |   2 |  652.0 |
               +--------+--------+--------+--------+--------+-----+--------+

Top non-repeatable levels by time:
     D:1: 973 daAuts
     D:2: 330 daAuts
